 Dungeon Crawl Stone Soup version 0.21.1-1-g345015fe64 (webtiles) character file.

2153 KleinerIrrer the Martial Artist (level 9, -3/61 HPs)
             Began as an Octopode Transmuter on Apr 17, 2018.
             Was a Believer of Cheibriados.
             Slain by an orc warrior
             ... wielding a +2 morningstar of protection
              (16 damage)
             ... in a bailey.
             The game lasted 00:23:04 (8390 turns).

KleinerIrrer the Martial Artist (OpTm)              Turns: 8390, Time: 00:23:05

Health: -3/61      AC:  6    Str: 15    XL:     9   Next: 31%
Magic:  12/12      EV: 22    Int: 19    God:    Cheibriados [**....]
Gold:   283        SH:  0    Dex: 18    Spells: 6/12 levels left

rFire    + . .     SeeInvis .   y - +8 lance "Wyrmbane" {slay drac, rPois rF+ rC+ AC+3}
rCold    + . .     Gourm    .   (no shield)
rNeg     . . .     Faith    .   (helmet restricted)
rPois    +         Spirit   .   (no amulet)
rElec    +         Reflect  .   n - +5 ring of evasion
rCorr    .         Harm     .   (no ring)
MR       .....                  (no ring)
Stlth    +++.......             (no ring)
HPRegen  0.20/turn              (no ring)
MPRegen  0.13/turn              (no ring)
                                (no ring)
                                (no ring)

@: invisible, very slow
A: almost no armour, stealthy swim, amphibious, 8 rings, constrict 8, thin
metallic scales 1, camouflage 1, electricity resistance, gelatinous body 1
a: Bend Time, Renounce Religion


You were in a bailey.
You worshipped Cheibriados.
Cheibriados was pleased with you.
You were not hungry.

You visited 2 branches of the dungeon, and saw 9 of its levels.
You also visited: Bailey.

You collected 283 gold pieces.

Inventory:

Hand Weapons
 q - a +2 dagger of venom
 y - the +8 lance "Wyrmbane" (weapon) {slay drac, rPois rF+ rC+ AC+3}
   (You found it in a bailey)

   It affects your AC (+3).
   It protects you from fire.
   It protects you from cold.
   It protects you from poison.
Missiles
 a - 128 arrows
Jewellery
 n - a +5 ring of evasion (left tentacle)
Wands
 v - a wand of acid (12)
Scrolls
 f - 5 scrolls of remove curse
 h - 8 scrolls of teleportation
 i - a scroll of enchant armour {unknown}
 j - a scroll of immolation
 m - 4 scrolls of fog
 t - 2 scrolls of identify
 u - a scroll of magic mapping
Potions
 d - 2 potions of resistance
 e - a potion of mutation
 g - 2 potions of brilliance
 k - a potion of flight
 l - a potion of ambrosia
 o - 4 potions of curing
 p - a potion of cancellation
 r - 2 potions of lignification
 z - 2 potions of agility {unknown}
 A - a potion of haste {unknown}
Books
 b - a book of Changes

   Spells                             Type                      Level
   a - Beastly Appendage              Transmutation                1
   b - Sticks to Snakes               Transmutation                2
   c - Spider Form                    Transmutation/Poison         3
   d - Ice Form                       Ice/Transmutation            4
   e - Blade Hands                    Transmutation                5
 x - a book of Frost

   Spells                             Type                      Level
   a - Freeze                         Ice                          1
   b - Throw Frost                    Conjuration/Ice              2
   c - Ozocubu's Armour               Charms/Ice                   3
   d - Throw Icicle                   Conjuration/Ice              4
   e - Summon Ice Beast               Ice/Summoning                4
Comestibles
 c - 12 rations
 w - 2 chunks of flesh


   Skills:
 - Level 5.4 Fighting
 * Level 2.4 Polearms
 + Level 6.1 Dodging
 - Level 2.0 Stealth
 - Level 8.2 Unarmed Combat
 - Level 2.0 Spellcasting
 - Level 2.3 Charms
 - Level 2.0 Transmutations
 - Level 2.1 Ice Magic


You had 6 spell levels left.
You knew the following spells:

 Your Spells              Type           Power        Failure   Level  Hunger
a - Beastly Appendage     Tmut           #.....       8%          1    #......
b - Sticks to Snakes      Tmut           #.......     11%         2    ###....
c - Ozocubu's Armour      Chrm/Ice       ##......     21%         3    ###....


Dungeon Overview and Level Annotations

Branches:
Dungeon (8/15)             Temple (1/1) D:5
   Lair: D:8-11

Altars:
Cheibriados
Fedhas
Gozag
Hepliaklqana
Kikubaaqudgha
Makhleb
Nemelex Xobeh
Qazlal
Ru
Sif Muna
Uskayaw
Wu Jian
Xom
Yredelemnul
Zin
The Shining One

Shops:
D:6 [

Annotations:
D:5 Gargoyl's ghost, novice CeAK


Innate Abilities, Weirdness & Mutations

You cannot wear most types of armour.
You are very stealthy in the water. (Stealth+)
You are amphibious.
You can wear up to eight rings at the same time.
You can use your tentacles to constrict eight enemies at once.
Your skin changes colour to match your surroundings (Stealth+).
Your rubbery body absorbs attacks. (AC +1, EV +1)
You are partially covered in thin metallic scales. (AC +2)
You are resistant to electric shocks. (rElec)


Message History

The orc warrior is lightly wounded.
You constrict the orc warrior.
You hit the orc warrior but do no damage.
You squeeze the orc warrior!
The orc warrior is heavily wounded.
You constrict the orc warrior, but do no damage.
The orc warrior closely misses you.
You hit the orc warrior.
The orc warrior is heavily wounded.
You constrict the orc warrior, but do no damage.
The orc warrior barely misses you.
You hit the orc warrior.
The orc warrior is heavily wounded.
You constrict the orc warrior.
The orc warrior hits you with a morningstar of protection!!
* * * LOW HITPOINT WARNING * * *
You fade into invisibility!
You constrict the orc warrior.
The orc warrior hits you with a morningstar of protection!
You die...

####.............##
###........≈≈≈≈≈≈≈≈≈###
##.......≈≈≈((≈≈≈≈≈≈≈≈≈###
##.......≈≈≈(#########≈≈≈≈###
##.....≈≈≈≈(≈∩#Kgo.gg.#∩≈≈≈≈≈#
≈≈≈≈≈≈≈≈≈((####.....g.####≈≈≈≈
≈≈≈≈≈....((#..####'####K.#..≈≈
#.....(###.(o).........###.≈
##...(.#.'.@####'####..' #..
#......(###..# ... #..# #..
#.....⌠....#..# #.o# #..
##.........#)## ######..
##...........#########.......
####..........((.(.........#
#############.###########
#.#...##...## ##).......#.∩


You could see an orc warrior.

Vanquished Creatures
  Menkaure (D:4)
  A sky beast (D:6)
  2 black bears (D:7)
  4 orc warriors
  3 ogres
  A phantom (D:4)
  2 ice beasts
  3 bullfrogs
  A howler monkey (D:4)
  3 crimson imps
  A quasit (D:7)
  2 hounds
  An orc priest (D:6)
  2 orc wizards
  3 worker ants
  A killer bee zombie (D:6)
  A worker ant zombie (D:4)
  5 gnolls
  5 adders
  2 oozes
  4 adder skeletons
  2 worms (D:2)
  2 dart slugs
  7 leopard geckos
  28 orcs
  4 giant cockroaches
  8 goblins
  10 hobgoblins
  4 jackals (D:2)
  20 kobolds
  2 quokkas
  A ball python skeleton (D:4)
  10 bats
  5 frilled lizards
  A leopard gecko zombie (D:7)
  A quokka skeleton (D:6)
  9 rats
162 creatures vanquished.

Notes
Turn   | Place    | Note
-------+----------+-------------------------------------------
     0 | D:1      | KleinerIrrer the Octopode Transmuter began the quest for the Orb.
     0 | D:1      | Reached XP level 1. HP: 13/13 MP: 3/3
    59 | D:1      | Reached skill level 1 in Stealth
    61 | D:1      | Reached XP level 2. HP: 1/18 MP: 5/5
   467 | D:1      | Learned a level 2 spell: Sticks to Snakes
   876 | D:1      | Reached XP level 3. HP: 18/23 MP: 6/6
  1841 | D:2      | Reached XP level 4. HP: 19/29 MP: 7/7
  2693 | D:3      | Reached skill level 4 in Unarmed Combat
  3238 | D:4      | Reached XP level 5. HP: 34/34 MP: 8/8
  3547 | D:4      | Noticed Menkaure
  3878 | D:4      | Killed Menkaure
  3878 | D:4      | Reached skill level 5 in Unarmed Combat
  3878 | D:4      | Reached XP level 6. HP: 16/42 MP: 9/9
  4136 | D:4      | Noticed a phantom
  4450 | D:4      | Reached XP level 7. HP: 36/46 MP: 1/10
  4759 | D:5      | Entered Level 5 of the Dungeon
  4800 | D:5      | Reached skill level 6 in Unarmed Combat
  5131 | D:5      | Found a staircase to the Ecumenical Temple.
  5199 | Temple   | Entered the Ecumenical Temple
  5254 | Temple   | Became a worshipper of Cheibriados the Contemplative
  5499 | D:5      | Found a hazy altar of Hepliaklqana.
  5707 | D:5      | Noticed Gargoyl's ghost (novice CeAK)
  5744 | D:6      | Found Refregin's Antique Armour Boutique.
  6100 | D:5      | Was placed under penance by Cheibriados
  6101 | D:5      | Reached XP level 8. HP: 13/54 MP: 11/11
  6153 | D:5      | Was forgiven by Cheibriados
  6672 | D:6      | Reached skill level 5 in Dodging
  6672 | D:6      | Reached skill level 7 in Unarmed Combat
  6962 | D:6      | Learned a level 3 spell: Ozocubu's Armour
  7156 | D:6      | Reached * piety under Cheibriados
  7156 | D:6      | Reached skill level 5 in Fighting
  7156 | D:6      | Reached skill level 1 in Charms
  7279 | D:7      | Reached skill level 1 in Ice Magic
  7555 | D:7      | Reached skill level 8 in Unarmed Combat
  7555 | D:7      | Reached XP level 9. HP: 58/61 MP: 12/12
  7856 | D:7      | Found a deep blue altar of Sif Muna.
  8031 | D:8      | Found a flagged portal.
  8040 | Bailey   | Entered a bailey
  8264 | Bailey   | Found the +8 lance "Wyrmbane" {slay drac, rPois rF+ rC+ AC+3}
  8294 | Bailey   | Gained mutation: You are partially covered in thin metallic scales. (AC +2) [potion of mutation]
  8294 | Bailey   | Gained mutation: You are resistant to electric shocks. (rElec) [potion of mutation]
  8318 | Bailey   | Reached skill level 1 in Polearms
  8325 | Bailey   | Reached ** piety under Cheibriados
  8390 | Bailey   | Slain by an orc warrior

Skill      XL: |  1  2  3  4  5  6  7  8  9 |
---------------+----------------------------+-----
Stealth        | 1 2 |  2.0
Fighting       | 2 3 4 5 |  5.4
Unarmed Combat | 4 5 6 8 |  8.2
Dodging        | 3 4 5 6 |  6.1
Charms         | 1 2 |  2.3
Ice Magic      | 1 2 |  2.1
Polearms       | 2 |  2.4
Spellcasting   | |  2.0
Transmutations | |  2.0

Action                   |  1- 3 |  4- 6 |  7- 9 || total
-------------------------+-------+-------+-------++-------
Melee: Unarmed           |   106 |   138 |   212 ||   456
       Tentacles         |    14 |    24 |    50 ||    88
       Kick              |     1 |     1 |     3 ||     5
       Constrict         |    21 |    30 |    48 ||    99
       Punch             |       |     3 |    20 ||    23
       Lance             |       |       |    33 ||    33
 Cast: Beastly Appendage |     1 |     1 |     3 ||     5
       Sticks to Snakes  |       |     4 |       ||     4
  Use: Scroll            |     5 |     3 |     4 ||    12
       Potion            |     4 |       |     4 ||     8
 Stab: Sleeping          |    12 |    15 |     9 ||    36
       Distracted        |     1 |       |     2 ||     3
  Eat: Chunk             |     3 |     5 |    10 ||    18
       Ration            |       |     1 |     1 ||     2
Armor: Skin              |    12 |     4 |     9 ||    25
Dodge: Dodged            |    74 |    90 |   226 ||   390
